 Dungeon Crawl Stone Soup version 0.22.1-1-ga44c0e5 (webtiles) character file.

48 Fang the Skirmisher (level 3, -1/24 HPs)
             Began as a Gargoyle Berserker on Oct 15, 2018.
             Was a Believer of Trog.
             Slain by Crazy Yiuf
             ... wielding a +2 quarterstaff of chaos
              (2 damage)
             ... on level 2 of the Dungeon.
             The game lasted 00:01:48 (1954 turns).

Fang the Skirmisher (Gargoyle Berserker)            Turns: 1954, Time: 00:01:49

Health: -1/24      AC: 14    Str: 21    XL:     3   Next: 72%
Magic:  3/3        EV:  6    Int:  7    God:    Trog [**....]
Gold:   200        SH:  0    Dex:  9    Spells: 2/2 levels left

rFire    + . .     SeeInvis +   a - +0 hand axe
rCold    . . .     Gourm    .   (no shield)
rNeg     + . .     Faith    .   f - +0 plate armour
rPois    ∞         Spirit   .   (no helmet)
rElec    +         Reflect  .   (no cloak)
rCorr    .         Harm     .   (no gloves)
MR       .....                  (no boots)
Stlth    ..........             (no amulet)
HPRegen  0.08/turn              j - ring of see invisible
MPRegen  0.08/turn              m - ring of protection from fire

@: berserk cooldown, hasted and slowed
A: negative energy resistance 1, electricity resistance, unbreathing,
petrification resistance, rot immunity, AC +3
a: Berserk, Trog's Hand, Renounce Religion


You were on level 2 of the Dungeon.
You worshipped Trog.
Trog was pleased with you.
You were very hungry.

You visited 1 branch of the dungeon, and saw 2 of its levels.

You collected 200 gold pieces.

Inventory:

Hand Weapons
 a - a +0 hand axe (weapon)
Armour
 f - a +0 plate armour (worn)
Jewellery
 j - a ring of see invisible (left hand)
 m - a ring of protection from fire (right hand)
Scrolls
 b - 3 scrolls of identify {unknown}
 e - 3 scrolls of enchant weapon {unknown}
 g - a scroll of blinking {unknown}
 i - a scroll of amnesia {unknown}
 k - a scroll of remove curse {unknown}
Potions
 d - 2 potions of heal wounds {unknown}
 h - a potion of haste {unknown}
 l - a potion of curing
 n - a potion of resistance {unknown}
Comestibles
 c - 4 rations


   Skills:
 + Level 3.9 Fighting
 + Level 3.1 Axes
 + Level 2.4 Armour
 + Level 2.2 Dodging


You had 2 spell levels left.
You didn't know any spells.
Your spell library was empty.

Dungeon Overview and Level Annotations

Branches:
Dungeon (2/15)

Altars:
Nemelex Xobeh

Annotations:
D:2 Crazy Yiuf


Innate Abilities, Weirdness & Mutations

You are resistant to torment.
Your stone body is resilient. (AC +3)
You are immune to poison.
You resist negative energy. (rN+)
You are resistant to electric shocks. (rElec)
You can survive without breathing.
You are immune to petrification.
You are immune to rotting.


Message History

Crazy Yiuf is moderately wounded.
Crazy Yiuf barely misses you.
You closely miss Crazy Yiuf.
Crazy Yiuf is moderately wounded.
Crazy Yiuf hits you but does no damage.
Crazy Yiuf hits you with a quarterstaff of chaos.
* * * LOW HITPOINT WARNING * * *
You barely miss Crazy Yiuf.
Crazy Yiuf is moderately wounded.
Crazy Yiuf hits you but does no damage.
You feel as though you will be slow longer.
You barely miss Crazy Yiuf.
Crazy Yiuf is moderately wounded.
Crazy Yiuf hits you but does no damage.
You hit Crazy Yiuf.
Crazy Yiuf is heavily wounded.
Crazy Yiuf hits you with a quarterstaff of chaos.
* * * LOW HITPOINT WARNING * * *
Crazy Yiuf freezes you.
You die...

###### #....# ######## ♣....♣
###......# ♣♣..)♣ #...####.#
♣♣)♣♣ ###.####.# ♣♣)♣ #.....##.#
♣)♣♣ ###.#.##.# ###### ♣♣)♣
###.#.##.# #....# ♣)♣♣ #...#.##.#
#.#### #@# ###......# #.# #)g)#
###.#### #.# #)))# #..##
#######.# #).)# ##.#.## #.......#
##### ####.###.## #.#######
#...## ##.# #.##### #########
#.##.###.## ......# ##.......##
#.#.#.#..#
#.#...####.........###....#.#.###


You could see Crazy Yiuf.

Vanquished Creatures
  A dart slug (D:2)
  2 leopard geckos (D:1)
  A giant cockroach (D:2)
  8 goblins
  4 hobgoblins
  4 jackals (D:2)
  3 kobolds
  A ball python (D:2)
  8 bats
  4 frilled lizards
  6 rats
42 creatures vanquished.

Notes
Turn   | Place    | Note
-------+----------+-------------------------------------------
     0 | D:1      | Fang the Gargoyle Berserker began the quest for the Orb.
     0 | D:1      | Reached XP level 1. HP: 14/14 MP: 1/1
   587 | D:1      | Reached XP level 2. HP: 19/19 MP: 2/2
  1021 | D:2      | Reached XP level 3. HP: 24/24 MP: 3/3
  1128 | D:2      | Found a runed door.
  1222 | D:2      | Reached ** piety under Trog
  1273 | D:2      | Found a sparkling altar of Nemelex Xobeh.
  1925 | D:2      | Noticed Crazy Yiuf
  1928 | D:2      | Paralysed by Crazy Yiuf for 7 turns
  1954 | D:2      | HP: 1/24 [Crazy Yiuf/quarterstaff of chaos (4)]
  1954 | D:2      | Slain by Crazy Yiuf

Skill      XL: |  1  2  3 |
---------------+----------+-----
Dodging        | 2 |  2.2
Axes           | 3 |  3.1
Fighting       | |  3.9
Armour         | |  2.4

Action                   || total
-------------------------++-------
Melee: Hand axe          ||   166
Invok: Berserk           ||     1
  Eat: Chunk             ||     3
Armor: Animal skin       ||    51
       Plate armour      ||   149
Dodge: Dodged            ||   147
